 Dungeon Crawl Stone Soup version 0.32-a0-43-g058985b245 (webtiles) character file.

Game seed: 14223035271406040218

63 ytrimaz the Trooper (level 4, -1/48 HPs)
             Began as an Oni Gladiator on Feb 3, 2024.
             Slain by an orc wizard
             ... wielding a +0 dagger
              (4 damage)
             ... on level 3 of the Dungeon.
             The game lasted 00:02:14 (1705 turns).

ytrimaz the Trooper (Oni Gladiator)                 Turns: 1705, Time: 00:02:14

Health: -1/48      AC:  3    Str: 20    XL:     4   Next: 10%
Magic:  4/4        EV: 10    Int:  9    God:
Gold:   101        SH:  0    Dex: 10    Spells: 3/3 levels left

rFire   . . .        a - +0 war axe
rCold   . . .        (no shield)
rNeg    . . .        b - +0 robe
rPois   .            c - +0 hat
rElec   .            (no cloak)
rCorr   .            (gloves unavailable)
SInv    .            (boots unavailable)
Will    .....        (no amulet)
Stlth   +            (no ring)
HPRegen 0.28/turn    (no ring)
MPRegen 0.09/turn

%: no passive effects
@: no status effects
A: large, unfitting armour, horns 1, tough skin 1, double potion healing,
drunken brawling
a: no special abilities


You were on level 3 of the Dungeon.
You visited 1 branch of the dungeon, and saw 3 of its levels.

You collected 101 gold pieces.


Innate Abilities, Weirdness & Mutations

You are too large for most types of armour.
You have a pair of small horns on your head.
You have tough skin. (AC +1)
You gain doubled healing and magic from potions.
Whenever you drink a healing potion, you attack all around you.


   Skills:
 + Level 4.0 Fighting
 + Level 3.6 Axes
 - Level 2.0 Throwing
 + Level 3.3 Dodging


You had 3 spell levels left.
You didn't know any spells.
Your spell library contained the following spells:

 Spells                   Type           Power      Damage    Failure   Level
 Kiss of Death            Conj/Necr      0%         2d5       38%         1
 Confusing Touch          Hex            0%         N/A       77%         3
 Fugue of the Fallen      Necr           0%         N/A       77%         3
 Inner Flame              Hex/Fire       0%         N/A       77%         3
 Ozocubu's Armour         Ice            0%         N/A       77%         3
 Dispel Undead            Necr           0%         3d6       99%         4
 Manifold Assault         Tloc           0%         N/A       99%         4
 Irradiate                Conj/Alch      0%         3d11      100%        5
 Ignition                 Fire           0%         3d3       100%        8

Inventory:

Hand Weapons
 a - a +0 war axe (weapon)
Missiles
 d - 3 throwing nets (quivered)
 e - a large rock
Armour
 b - a +0 robe (worn)
 c - a +0 hat (worn)
Scrolls
 f - 2 scrolls of teleportation {unknown}
 h - 2 scrolls of identify {unknown}
 i - a scroll of immolation {unknown}
 j - a scroll of blinking {unknown}
 l - 2 scrolls of vulnerability {unknown}
Potions
 g - a potion of heal wounds {unknown}
 k - a potion of curing {unknown}
 m - a potion of lignification {unknown}
 n - a potion of haste {unknown}

Dungeon Overview and Level Annotations

Branches:
Dungeon (3/15) Zot: 16256

Altars:

#.#.#.#.#.#.#..#
.#.#.#.#.#.#...#
##############.#
#.#### #.#..
#.#.# ###
#.#.####..# ...
#..){o....# ##.
###@##...## #o#
.# #.. ###. ..
.# .# #


You could see 2 orcs.


Message History

There is an open door here.
Key pressed, stopping explore.
There is a stone staircase leading up here.
You see here a +0 leather armour.
Key pressed, stopping explore.
There is an open door here.
Done exploring.
Done exploring.
Done exploring.
There is a stone staircase leading down here.
You climb downwards.
There is a stone staircase leading up here.
A hobgoblin is nearby!
A hobgoblin is nearby!
The hobgoblin shouts!
The hobgoblin hits you.
You closely miss the hobgoblin.
The hobgoblin barely misses you. 😕 HP[-2]
You take 2 damage, and now have 46/48 hp.
You slash the hobgoblin!
You kill the hobgoblin!
No target in view!
Unknown command.
Key pressed, stopping explore. 2 orcs and an orc wizard come into view.
The orc shouts!
The orc wizard shouts!
The orc shouts!
An orc comes into view. It is wielding a +0 trident.
The orc wizard mumbles some strange words.
The orc wizard flickers and vanishes!
Deactivating autopickup; reactivate with Ctrl-A.
The orc shouts! 😎 HP[+2]
Your hp is fully restored (48).
There are monsters nearby!
There are monsters nearby!
You hear a shout!
You slash the orc!
You kill the orc!
An orc comes into view. It is wielding a +0 short sword.
The orc hits you from afar with a +0 trident.
You see here a +0 falchion. 😕 HP[-4]
You take 4 damage, and now have 44/48 hp.
You hear some strange, mumbled words.
You are confused.
The orc barely misses you.
The orc hits you with a +0 short sword. 😕 HP[-1]
You take 1 damage, and now have 43/48 hp.
You bump into the rock wall.
The orc hits you with a +0 short sword.
The orc hits you from afar with a +0 trident.
Something hits you. 😮 HP[-9]
You take 9 damage, and now have 34/48 hp.
You are too injured to fight recklessly!
You are too injured to fight recklessly!
Unknown command.
You're too confused to move!
Something hits you. The orc hits you with a +0 short sword.
The orc barely misses you. 😮 HP[-5]
You take 5 damage, and now have 29/48 hp.
You hit the orc. You barely miss something. Something hits you.
The orc closely misses you. The orc hits you but does no damage.
Unknown command.
You bump into the rock wall.
The orc hits you with a +0 short sword. Something hits you.
The orc misses you. 😮 HP[-3]
You take 3 damage, and now have 26/48 hp.
You slash the orc!
You kill the orc!
You hit something.
The orc hits you from afar with a +0 trident.
* * * LOW HITPOINT WARNING * * *
You hear some strange, mumbled words.
Something tries to affect you, but you resist. 😨 HP[-5]
You take 5 damage, and now have 21/48 hp.
Unknown command.
You're too confused to move!
The orc hits you with a +0 hand axe.
* * * LOW HITPOINT WARNING * * *
The orc hits you from afar with a +0 trident.
* * * LOW HITPOINT WARNING * * *
Something hits you.
* * * LOW HITPOINT WARNING * * *
You miss something. Your headbutt misses something. You closely miss the orc.
You feel less confused. The orc hits you with a +0 hand axe.
* * * LOW HITPOINT WARNING * * *
The orc hits you from afar with a +0 trident!
* * * LOW HITPOINT WARNING * * *
Something hits you but does no damage. The orc hits you with a +0 hand axe.
* * * LOW HITPOINT WARNING * * *
Something hits you but does no damage. The orc closely misses you. 😱 HP[-18]
You take 18 damage, and now have 3/48 hp.
MASSIVE DAMAGE!! (PAUSE)
You barely miss something. You barely miss the orc. The orc misses you.
The orc barely misses you. Something hits you.
You die...

Skill      XL: |  1  2  3 |
---------------+----------+-----
Fighting       | 3 4 |  4.0
Dodging        | 3 |  3.3
Axes           | |  3.6
Throwing       | |  2.0

Action                     |  1- 3 |  4- 6 || total
---------------------------+-------+-------++-------
  Melee: War axe           |   103 |    11 ||   114
         Headbutt          |    12 |       ||    12
         Punch             |     1 |       ||     1
   Stab: Sleeping          |     3 |       ||     3
 Armour: Robe              |    90 |    24 ||   114
  Dodge: Dodged            |    64 |    11 ||    75

Levels and vault maps discovered:
D:1:      amcnicky_arrival_flooded_fountain, layout_basic, minmay_ruptured
D:2:      layout_basic, minmay_rat_gold_closets
D:3:      minmay_skewed_foursquare, layout_loops_cross, serial_shops, shop,
          roderic_roman_lattice

Notes
Turn   | Place    | Note
-------+----------+-------------------------------------------
     0 | D:1      | ytrimaz the Oni Gladiator began the quest for the Orb.
     0 | D:1      | Reached XP level 1. HP: 22/22 MP: 1/1
     0 | D:1      | magus.rc [v1.9.6]
    43 | D:1      | Reached skill level 3 in Fighting
    45 | D:1      | Reached XP level 2. HP: 30/31 MP: 2/2
    98 | D:1      | You pick up a book of Spontaneous Combustion and begin
                  | reading...
    98 | D:1      | You add the spells Inner Flame, Irradiate and Ignition to
                  | your library.
   159 | D:1      | You pick up a book of Battle and begin reading...
   159 | D:1      | You add the spells Fugue of the Fallen, Ozocubu's Armour
                  | and Manifold Assault to your library.
   211 | D:1      | Reached skill level 3 in Dodging
   412 | D:1      | Reached XP level 3. HP: 26/37 MP: 3/3
   823 | D:2      | You pick up a book of Touch and begin reading...
   823 | D:2      | You add the spells Kiss of Death, Confusing Touch and
                  | Dispel Undead to your library.
  1094 | D:2      | Reached skill level 4 in Fighting
  1112 | D:2      | Reached XP level 4. HP: 48/48 MP: 4/4
  1704 | D:3      | HP: 8/48 [orc/+0 trident (7)]
  1704 | D:3      | HP: 3/48 [orc/+0 hand axe (5)]
  1705 | D:3      | Slain by an orc wizard

Vanquished Creatures
  A dart slug (D:1)
  2 orcs (D:3)
  3 bats (D:1)
  An endoplasm (D:1)
  2 giant cockroaches
  5 goblins
  3 hobgoblins
  6 jackals
  3 quokkas
  6 ball pythons
  5 frilled lizards
  7 kobolds (D:1)
  16 rats
60 creatures vanquished.

Table legend:
 A = Non-vault XP
 B = Vault XP
 C = Vault XP percentage of total XP
 D = Non-vault monster count
 E = Vault monster count
 F = Vault count percentage of total count
                 A         B        C        D         E       F
            +---------+---------+-------+---------+---------+-------
      Total |      73 |      18 |  19.8 |      45 |      15 |  25.0
            +---------+---------+-------+---------+---------+-------
        D:1 |      47 |       8 |  14.5 |      30 |       5 |  14.3
        D:2 |      18 |      10 |  35.7 |      12 |      10 |  45.5
        D:3 |       8 |       0 |   0.0 |       3 |       0 |   0.0
            +---------+---------+-------+---------+---------+-------

Skill      XL: |  1  2  3 |
---------------+----------+-----
Fighting       | 3 4 |  4.0
Dodging        | 3 |  3.3
Axes           | |  3.6
Throwing       | |  2.0

Action                     |  1- 3 |  4- 6 || total
---------------------------+-------+-------++-------
  Melee: War axe           |   103 |    11 ||   114
         Headbutt          |    12 |       ||    12
         Punch             |     1 |       ||     1
   Stab: Sleeping          |     3 |       ||     3
 Armour: Robe              |    90 |    24 ||   114
  Dodge: Dodged            |    64 |    11 ||    75

Illustrated notes

Table legend:
 A = Kills in this place as a percentage of kills in the entire game.
 B = Kills by you in this place as a percentage of kills by you in the entire game.
 C = Kills by friends in this place as a percentage of kills by friends in the entire game.
 D = Other kills in this place as a percentage of other kills in the entire game.
 E = Experience gained in this place as a percentage of experience gained in the entire game.
 F = Experience gained in this place divided by the number of levels of this place that you have seen.
                   A       B       C       D       E      F
               +-------+-------+-------+-------+-------+----------------------
         Total | 100.0 | 100.0 |   N/A |   N/A | 100.0 |  30.3
       Dungeon | 100.0 | 100.0 |   N/A |   N/A | 100.0 |  30.3
               +-------+-------+-------+-------+-------+----------------------

Table legend: (Time is in decaauts)
 A = Elapsed time spent in this place.
 B = Non-inter-level travel time spent in this place.
 C = Inter-level travel time spent in this place.
 D = Time resting spent in this place.
 E = Time spent auto-exploring this place.
 F = Levels seen in this place.
 G = Mean time per level.
                   A        B        C        D        E       F      G
               +--------+--------+--------+--------+--------+-----+--------+
         Total |   1742 |   1706 |     36 |      0 |   1339 |   3 |  580.7 |
       Dungeon |   1742 |   1706 |     36 |      0 |   1339 |   3 |  580.7 |
               +--------+--------+--------+--------+--------+-----+--------+

Top non-repeatable levels by time:
     D:1: 830 daAuts
     D:2: 821 daAuts
     D:3: 89 daAuts
